 Dungeon Sprint DCSS version 0.19-a0-1672-g679cadd (webtiles) character file.

5600000 George the Formicid Barricade (level 27, -10/249 HPs)
             Began as a Formicid Fighter on Sept 22, 2016.
             Was the Champion of Makhleb.
             Killed by divine providence
             ... invoked by an accursed
              (15 damage)
             ... in the Dungeon (Sprint VIII: "Arena of Blood").
             The game lasted 00:03:15 (56 turns).

George the Formicid Barricade (Formicid Fighter)      Turns: 56, Time: 00:03:16

Health: -10/249    AC: 13    Str: 22    XL:     27
Magic:  15/54      EV: 31    Int: 11    God:    Makhleb [******]
Gold:   0          SH: 19    Dex: 19    Spells: 0 memorised, 80 levels left

rFire  . . .     SeeInvis +     l - +∞ Axe of Woe
rCold  . . .     Gourm    .     b - +0 scale mail
rNeg   . . .     Faith    .     c - +0 shield
rPois  .         Spirit   .     (helmet unavailable)
rElec  .         Dismiss  .     (no cloak)
rCorr  .         Reflect  .     (no gloves)
MR     ++...     Harm     .     (no boots)
Stlth  ++++++++..               (no amulet)
                                (no ring)
                                (no ring)

@: no status effects
A: permanent stasis, dig shafts and tunnels, four strong arms, antennae 3
a: Dig, Minor Destruction, Lesser Servant of Makhleb, Major Destruction, Greater
Servant of Makhleb, Renounce Religion


You were in the Dungeon.
You worshipped Makhleb.
Makhleb was exalted by your worship.
You were not hungry.

You visited 1 branch

Inventory:

Hand Weapons
 a - a +0 war axe
 l - the +∞ Axe of Woe (weapon)
   (You found it in the Dungeon)
Armour
 b - a +0 scale mail (worn)
 c - a +0 shield (worn)
Scrolls
 k - a scroll of blinking
Potions
 d - a potion of might
 e - a potion of curing
 h - a potion of haste
 i - 2 potions of magic
 j - a potion of berserk rage
Comestibles
 f - a bread ration


   Skills:
 O Level 27 Fighting
 O Level 27 Axes
 O Level 27 Throwing
 O Level 27 Armour
 O Level 27 Dodging
 O Level 27 Stealth
 O Level 27 Shields
 O Level 27 Unarmed Combat
 O Level 27 Spellcasting
 O Level 27 Invocations


You had 80 spell levels left.
You didn't know any spells.

Dungeon Overview and Level Annotations

Branches:
Dungeon (1/1)

Altars:
Makhleb


Innate Abilities, Weirdness & Mutations

You are under a permanent stasis effect.
You can dig through walls and to a lower floor.
Your four strong arms can wield two-handed weapons with a shield.
You have a pair of large antennae on your head. (SInv)


Message History

The fiery explosion engulfs the eight-headed meat hydra.
The fiery explosion engulfs the accursed.
The fiery explosion engulfs the bag of meat.
The bag of meat dies!
The fiery explosion engulfs the eight-headed meat hydra.
You feel much better.
You hear a shout! x3
The eight-headed meat hydra calls on the powers of darkness!
The eight-headed meat hydra convulses!
Your body is wracked with pain!
* * * LOW HITPOINT WARNING * * *
The meat berserker convulses!
The bag of meat convulses!
The corpses begin to drag themselves along the ground!
The accursed is engulfed in roaring flames.
The accursed gestures at you while chanting.
Something smites you!
* * * LOW HITPOINT WARNING * * *
The accursed is engulfed in roaring flames.
The accursed gestures at you while chanting.
Something smites you!
You die...

....%%.))###X%.%...###.
....%...%..#.).....# {
......%...%#DL.....#
o.#........)...%....
.#.#.#.X..).zo....%.
..#.#....z§x§X))....
.#.#.#....§§§§§§§x..
.#.#.....#.§§§§)..#
.......O@x§M§M.§.#
....%.##.#...D%..
...... %.........
..####....#.M...# .
...........
............
.......=... ######


You could see 3 accurseds, a tyrant, 2 eight-headed meat hydras, 2 sculptors of
flesh, 2 large abominations, a meat berserker (berserk), a small abomination, a
bag of meat and 2 crawling corpses.

Vanquished Creatures
  6 vampire knights (D)
  18 ogres (D)
  A lich (D)
  A hydra (D)
  46 orcs (D)
  5 hill giants (D)
  A skeletal warrior (D)
  2 large abominations (D)
  3 small abominations (D)
  4 crawling corpses (D)
87 creatures vanquished.

Vanquished Creatures (others)
  3 orcs (D)
  2 hill giants (D)
  2 crawling corpses (D)
7 creatures vanquished.

Grand Total: 94 creatures vanquished

Notes
Turn   | Place    | Note
-------+----------+-------------------------------------------
     0 | D        | George the Formicid Fighter began the quest for the Orb.
     0 | D        | Reached XP level 1. HP: 18/18 MP: 1/1
     4 | D        | Became a worshipper of Makhleb the Destroyer
     5 | D        | Noticed a bag of meat
     5 | D        | Noticed a bag of meat
     6 | D        | Noticed a meat berserker
     7 | D        | Noticed a bag of meat
     7 | D        | Noticed a meat berserker
     7 | D        | Noticed a meat berserker
     7 | D        | Killed a meat berserker
     7 | D        | Reached XP level 2. HP: 48/48 MP: 1/12
     7 | D        | Reached XP level 3. HP: 54/54 MP: 1/14
     7 | D        | Reached XP level 4. HP: 62/62 MP: 1/15
     7 | D        | Reached XP level 5. HP: 68/68 MP: 1/17
     7 | D        | Reached XP level 6. HP: 75/75 MP: 1/18
     7 | D        | Reached XP level 7. HP: 82/82 MP: 1/20
     7 | D        | Reached XP level 8. HP: 89/89 MP: 1/21
     7 | D        | Reached XP level 9. HP: 95/95 MP: 1/22
     7 | D        | Reached XP level 10. HP: 103/103 MP: 1/23
     7 | D        | Reached XP level 11. HP: 109/109 MP: 1/24
     7 | D        | Reached XP level 12. HP: 116/116 MP: 1/25
     7 | D        | Reached XP level 13. HP: 122/122 MP: 1/26
     7 | D        | Killed a bag of meat
     7 | D        | Reached * piety under Makhleb
     7 | D        | Reached XP level 14. HP: 134/134 MP: 1/28
     8 | D        | Noticed a bag of meat
     8 | D        | Killed a bag of meat
     8 | D        | Reached XP level 15. HP: 137/143 MP: 1/30
     8 | D        | Killed a meat berserker
     8 | D        | Reached XP level 16. HP: 149/156 MP: 1/32
     9 | D        | Noticed a meat berserker
    12 | D        | Reached ** piety under Makhleb
    12 | D        | Killed a meat berserker
    12 | D        | Reached skill level 27 in Shields
    12 | D        | Reached skill level 27 in Invocations
    12 | D        | Reached XP level 17. HP: 168/173 MP: 2/34
    13 | D        | Noticed a meat berserker
    13 | D        | Reached *** piety under Makhleb
    13 | D        | Reached skill level 27 in Fighting
    13 | D        | Reached skill level 27 in Armour
    13 | D        | Reached XP level 18. HP: 85/182 MP: 2/35
    13 | D        | Killed a meat berserker
    13 | D        | Reached **** piety under Makhleb
    13 | D        | Reached XP level 19. HP: 189/189 MP: 2/36
    14 | D        | Noticed a large bag of meat
    14 | D        | Reached skill level 27 in Dodging
    14 | D        | Reached skill level 5 in Axes
    14 | D        | Reached skill level 10 in Axes
    14 | D        | Reached ***** piety under Makhleb
    14 | D        | Reached XP level 20. HP: 197/197 MP: 3/37
    14 | D        | Reached skill level 15 in Axes
    15 | D        | Noticed a meat berserker
    15 | D        | Killed a meat berserker
    15 | D        | Reached XP level 21. HP: 204/204 MP: 3/38
    16 | D        | Noticed a meat berserker
    18 | D        | Killed a meat berserker
    18 | D        | Reached skill level 27 in Stealth
    19 | D        | Noticed a large bag of meat
    19 | D        | Noticed a meat berserker
    21 | D        | Noticed a destroyer
    21 | D        | Reached ****** piety under Makhleb
    21 | D        | Reached XP level 22. HP: 212/212 MP: 5/39
    22 | D        | Noticed a meat berserker
    22 | D        | Killed a meat berserker
    22 | D        | Reached skill level 27 in Axes
    22 | D        | Reached skill level 27 in Throwing
    22 | D        | Killed a meat berserker
    23 | D        | Noticed a meat berserker
    23 | D        | Reached XP level 23. HP: 219/219 MP: 5/46
    24 | D        | Noticed a destroyer
    24 | D        | Killed a destroyer
    24 | D        | Reached skill level 27 in Unarmed Combat
    24 | D        | Reached skill level 27 in Spellcasting
    24 | D        | Reached XP level 24. HP: 227/227 MP: 6/54
    27 | D        | Killed a destroyer
    30 | D        | Reached XP level 25. HP: 234/234 MP: 7/54
    32 | D        | Noticed a destroyer
    33 | D        | Noticed a destroyer
    33 | D        | Noticed a destroyer
    34 | D        | Killed a destroyer
    34 | D        | Reached XP level 26. HP: 242/242 MP: 9/54
    36 | D        | Killed a destroyer
    37 | D        | Killed a destroyer
    37 | D        | Reached XP level 27. HP: 249/249 MP: 10/54
    42 | D        | Noticed a tyrant
    42 | D        | Noticed an accursed
    45 | D        | Noticed an accursed
    47 | D        | Noticed a destroyer
    49 | D        | Killed a tyrant
    51 | D        | Killed a destroyer
    52 | D        | Noticed a tyrant
    52 | D        | Noticed an accursed
    55 | D        | HP: 11/249 [accursed/divine providence (13)]
    55 | D        | HP: 2/249 [accursed/divine providence (9)]
    56 | D        | Killed from afar by an accursed

Vault maps used:
D:        meatsprint

Skill      XL: |  1  2  3  4  5  6  7  8  9 10 11 12 13 14 15 16 17 18 19 20 21 22 23 |
---------------+----------------------------------------------------------------------+-----
Fighting       | 18 19 20 22 26 27 | 27.0
Armour         | 18 19 20 22 26 27 | 27.0
Shields        | 19 21 22 24 27 | 27.0
Invocations    | 19 20 22 24 27 | 27.0
Dodging        | 12 25 27 | 27.0
Axes           | 13 19 26 27 | 27.0
Throwing       | 12 19 26 27 | 27.0
Stealth        | 16 24 27 | 27.0
Unarmed Combat | 19 27 | 27.0
Spellcasting   | 19 27 | 27.0

Action                   |  1- 3 |  4- 6 |  7- 9 | 10-12 | 13-15 | 16-18 | 19-21 | 22-24 | 25-27 || total
-------------------------+-------+-------+-------+-------+-------+-------+-------+-------+-------++-------
Melee: Executioner's axe |     1 |       |       |       |     1 |     2 |     4 |     6 |    18 ||    32
  Use: Potion            |       |       |       |       |       |       |       |       |     1 ||     1
Dodge: Dodged            |       |       |       |       |       |     1 |     1 |       |       ||     2
Block: Shield            |       |       |       |       |       |     1 |     2 |       |     1 ||     4
